 Dungeon Crawl Stone Soup version 0.29.1-2-gbd0b4ee654 (webtiles) character file.

Game seed: 2582349512408910063

162265 GeoRichter the Stormcaller (level 17, -2/111 HPs)
             Began as a Tengu Conjurer on Nov 13, 2022.
             Was an Initiate of Gozag.
             Killed from afar by a shock serpent (6 damage)
             ... with a bolt of electricity
             ... on level 3 of the Snake Pit.
             The game lasted 01:48:07 (50420 turns).

GeoRichter the Stormcaller (Tengu Conjurer)        Turns: 50420, Time: 01:48:08

Health: -2/111     AC: 17    Str: 14    XL:     17   Next: 80%
Magic:  0/35       EV: 20    Int: 30    God:    Gozag
Gold:   2174       SH:  0    Dex: 17    Spells: 13/43 levels left

rFire   + + .      SeeInvis .   a - +9 battleaxe (freeze)
rCold   + . .      Faith    .   (shield currently unavailable)
rNeg    . . .      Spirit   +   G - +4 swamp dragon scales
rPois   +          Reflect  .   (helmet restricted)
rElec   +          Harm     .   j - +1 cloak
rCorr   +          Rampage  .   M - +0 pair of gloves
Will    +....                   (boots unavailable)
Stlth   +.........              d - amulet of guardian spirit
HPRegen 0.28/turn               g - ring of protection from fire
MPRegen 0.24/turn               U - ring "Decw" {Str+5 Int+6 Dex+3 Slay+3}

@: resistant, gold aura, flying quickly and evasively, quick
A: beak, talons 3, nimble flight
a: Renounce Religion, Potion Petition, Call Merchant, Bribe Branch


You were on level 3 of the Snake Pit.
You worshipped Gozag.
Gozag was most pleased with you.
You visited 5 branches of the dungeon, and saw 27 of its levels.
You visited 1 bazaar.
You also visited: Bailey.

You collected 10102 gold pieces.
You spent 2150 gold pieces at shops.
You paid 5778 gold pieces to Gozag.

Inventory:

Hand Weapons
 a - a +9 battleaxe of freezing (weapon)
   (You took it off a wight on level 7 of the Dungeon)
 b - the +6 Majin-Bo {vamp, MP+6 Int+6}
   (You bought it in a shop on level 12 of the Dungeon)

   It heals its wielder for a portion of the damage dealt when they wound a
   living foe with it or with a spell.
   Its wielder's spells cost health as well as magical power.
   Int:       It affects your intelligence (+6).
   MP:        It affects your magic capacity (+6).
 z - the +9 broad axe of the Asp {protect, rF- MP+9 Int+4}
   (You found it on level 2 of the Lair of Beasts)

   It grants its wielder temporary protection when it strikes (+7 to AC).
   Int:       It affects your intelligence (+4).
   rF:        It makes you vulnerable to fire.
   MP:        It affects your magic capacity (+9).
Missiles
 E - 4 throwing nets {!f}
Armour
 j - a +1 cloak (worn)
   (You found it on level 1 of the Dungeon)
 G - +4 swamp dragon scales (worn)
   (You took it off Maggie on level 7 of the Dungeon)
 M - a +0 pair of gloves (worn)
   (You found it on level 11 of the Dungeon)
 Q - +0 fire dragon scales
   (You found it on level 3 of the Snake Pit)
 T - the +2 pair of gloves "Viufoj" {-Tele rPois rN+++ Int+4}
   (You found it on level 12 of the Dungeon)

   Int:       It affects your intelligence (+4).
   rPois:     It protects you from poison.
   rN:        It renders you almost immune to negative energy.
   -Tele:     It prevents most forms of teleportation.
Jewellery
 d - an amulet of guardian spirit (around neck)
   (You found it on level 2 of the Dungeon)
 g - a ring of protection from fire (left hand)
   (You found it on level 1 of the Dungeon)
 n - a ring of positive energy
   (You found it on level 2 of the Dungeon)
 s - a ring of protection from cold
   (You found it on level 3 of the Dungeon)
 U - the ring "Decw" (right hand) {Str+5 Int+6 Dex+3 Slay+3}
   (You found it on level 12 of the Dungeon)

   [ring of intelligence]

   Str:       It affects your strength (+5).
   Int:       It affects your intelligence (+6).
   Dex:       It affects your dexterity (+3).
   Slay:      It affects your accuracy & damage with ranged weapons and melee
   (+3).
Wands
 o - a wand of digging (10)
   (You found it on level 1 of the Lair of Beasts)
 F - a wand of roots (18)
   (You found it on level 3 of the Lair of Beasts)
 N - a wand of light (12)
   (You found it on level 11 of the Dungeon)
 O - a wand of paralysis (18)
   (You found it on level 4 of the Lair of Beasts)
 P - a wand of mindburst (6)
   (You found it on level 4 of the Lair of Beasts)
Scrolls
 c - 2 scrolls of magic mapping
 e - 3 scrolls of butterflies
 l - 5 scrolls of fear
 p - 3 scrolls of vulnerability {!r}
 r - a scroll of torment {!r}
 x - 5 scrolls of brand weapon
 y - 3 scrolls of enchant weapon
 C - 2 scrolls of amnesia
 L - 2 scrolls of summoning
 S - 3 scrolls of poison
Potions
 f - 8 potions of haste {@q3}
 k - a potion of experience {unknown}
 m - 7 potions of brilliance
 q - a potion of degeneration {unknown}
 t - 5 potions of curing {@q1}
 u - a potion of cancellation {unknown}
 v - 5 potions of mutation {!q}
 w - 5 potions of lignification {!q}
 A - 3 potions of flight
 B - 3 potions of berserk rage
 H - 5 potions of ambrosia
 J - 2 potions of might
 R - a potion of invisibility
 W - 11 potions of attraction {!q}
Miscellaneous
 i - a phantom mirror
   (You found it on level 5 of the Lair of Beasts)


   Skills:
 + Level 14.0 Fighting
 - Level 8.1 Axes
 - Level 9.0 Armour
 + Level 12.3 Dodging
 - Level 2.0 Stealth
 + Level 13.5 Spellcasting
 - Level 13.0 Conjurations
 - Level 8.0 Fire Magic
 * Level 16.5 Air Magic
 - Level 10.0 Poison Magic


You had 13 spell levels left.
You knew the following spells:

 Your Spells              Type           Power      Damage    Failure   Level
a - Olgreb's Toxic Radia  Pois           69%        N/A       1%          4
b - Searing Ray           Conj           100%       2d8       1%          2
c - Maxwell's Capacitive  Air            44%        ∞         32%         8
d - Mephitic Cloud        Conj/Pois/Air  79%        N/A       1%          3
e - Ignite Poison         Fire/Tmut/Pois 54%        N/A       1%          3
f - Freezing Cloud        Conj/Ice/Air   34%        6-21      1%          5
g - Fireball              Conj/Fire      35%        3d15      1%          5

Your spell library contained the following spells:

 Spells                   Type           Power      Damage    Failure   Level
 Swiftness                Air            88%        N/A       0%          3
 Foxfire                  Conj/Fire      100%       2x1d9     1%          1
 Magic Dart               Conj           100%       1d8       1%          1
 Sting                    Tmut/Pois      100%       1d8       1%          1
 Poisonous Vapours        Pois/Air       100%       N/A       1%          2
 Conjure Flame            Conj/Fire      70%        6-21      1%          3
 Dazzling Flash           Conj/Hex       100%       N/A       1%          3
 Stone Arrow              Conj/Erth      100%       3d13      1%          3
 Flame Wave               Conj/Fire      70%        2d16      1%          4
 Sticky Flame             Conj/Fire      70%        2d8       1%          4
 Summon Lightning Spire   Summ/Air       63%        N/A       1%          4
 Iskenderun's Battlesphe  Conj           78%        2d13      1%          5
 Conjure Ball Lightning   Conj/Air       41%        3x3d13    1%          6
 Inner Flame              Hex/Fire       44%        N/A       2%          3
 Fulminant Prism          Conj/Hex       28%        3d14      3%          4
 Iskenderun's Mystic Bla  Conj/Tloc      56%        2d12      3%          4
 Necrotise                Necr           80%        1d8       4%          1
 Slow                     Hex            80%        N/A       4%          1
 Call Imp                 Summ           20%        N/A       7%          2
 Ensorcelled Hibernation  Hex/Ice        40%        N/A       7%          2
 Passwall                 Tmut/Erth      16%        N/A       7%          2
 Sublimation of Blood     Necr           20%        N/A       7%          2
 Irradiate                Conj/Tmut      28%        3d21      9%          5
 Confusing Touch          Hex            20%        N/A       13%         3
 Tukima's Dance           Hex            20%        N/A       13%         3
 Vampiric Draining        Necr           20%        2d7       13%         3
 Orb of Destruction       Conj           39%        9d11      19%         7
 Animate Armour           Summ/Erth      40%        N/A       41%         4
 Cause Fear               Hex            10%        N/A       41%         4
 Dispel Undead            Necr           20%        3d11      41%         4
 Passage of Golubria      Tloc           20%        N/A       41%         4
 Petrify                  Tmut/Erth      20%        N/A       41%         4
 Eringya's Noxious Bog    Tmut/Pois      25%        N/A       65%         6
 Agony                    Necr           20%        N/A       77%         5
 Metabolic Englaciation   Hex/Ice        10%        N/A       77%         5
 Summon Forest            Summ/Tloc      10%        N/A       77%         5
 Summon Mana Viper        Hex/Summ       20%        N/A       77%         5
 Yara's Violent Unravell  Hex/Tmut       10%        3d6       77%         5
 Storm Form               Tmut/Air       31%        N/A       77%         7
 Death Channel            Necr           10%        N/A       100%        6
 Statue Form              Tmut/Erth      13%        N/A       100%        6
 Summon Cactus Giant      Summ           10%        N/A       100%        6
 Summon Hydra             Summ           10%        N/A       100%        7
 Discord                  Hex            10%        N/A       100%        8
 Lehudib's Crystal Spear  Conj/Erth      28%        10d7      100%        8
 Polar Vortex             Ice            10%        N/A       100%        9
 Corpse Rot               Necr/Pois/Air  Unusable   N/A       N/A         4
 Simulacrum               Ice/Necr       Unusable   N/A       N/A         6

Dungeon Overview and Level Annotations

Branches:
Dungeon (15/15) Zot: 25091  Temple (1/1) D:4 Zot: 5921    Lair (5/5) D:11 Zot: 19081
  Swamp (0/4) Lair:2        Snake (4/4) Lair:2 Zot: 12731   Slime (0/5) Lair:4
    Orc (2/2) D:12 Zot: 8622     Elf (0/3) Orc:2        Vaults (0/5) D:13
 Bailey (visited)
 Depths: D:15

Altars:
Ashenzari
Cheibriados
Dithmenos
Elyvilon
Fedhas
Gozag
Hepliaklqana
Kikubaaqudgha
Makhleb
Nemelex Xobeh
Qazlal
Ru
Sif Muna
Trog
Uskayaw
Wu Jian
Xom
Yredelemnul
Zin
Jiyva

Shops:
D:9 [   D:12 =:(**   Orc:2 (*[:*

Annotations:
D:5 3 runed translucent doors, Voland's ghost, novice MfTm
Lair:2 Mlioglotl
Snake:2 Roxanne


Innate Abilities, Weirdness & Mutations

You have a beak for a mouth.
You have claws for feet.
Your magical nature lets you fly swiftly and evasively.


Message History

The naga hits you from afar with a +3 halberd!!
* * * LOW HITPOINT WARNING * * *
The shock serpent barely misses you. The black mamba barely misses you.
You fly upwards.
There is a stone staircase leading down here.
You are too injured to fight recklessly!
You closely miss the naga sharpshooter. Your kick misses the naga sharpshooter.
You peck the naga sharpshooter. You closely miss the shock serpent.
You slash the black mamba! You freeze the black mamba.
The black mamba misses you.
The naga sharpshooter spits poison at you.
The splash of poison hits you. You resist.
* * * LOW HITPOINT WARNING * * *
The shock serpent completely misses you.
The black mamba barely misses you.
The naga sharpshooter mumbles some strange words.
The naga sharpshooter magically shoots an arrow.
The arrow hits you!
* * * LOW HITPOINT WARNING * * *
The shock serpent bites you.
* * * LOW HITPOINT WARNING * * *
The shock serpent shocks you!
* * * LOW HITPOINT WARNING * * *
You slash the naga sharpshooter! You freeze the naga sharpshooter.
You kill the naga sharpshooter!
You slash the black mamba!
The black mamba seems to slow down.
You freeze the black mamba.
You kill the black mamba!
You slice the shock serpent!! You freeze the shock serpent.
The shock serpent's electric aura discharges, shocking you!
* * * LOW HITPOINT WARNING * * *
The shock serpent completely misses you.
The shock serpent bites you but does no damage.
Unknown command.
You feel protected. The shock serpent closely misses you.
You hit the shock serpent. You freeze the shock serpent.
You peck the shock serpent. The shock serpent bites you!
* * * LOW HITPOINT WARNING * * *
The shock serpent shocks you. You resist.
* * * LOW HITPOINT WARNING * * *
The shock serpent completely misses you.
You barely miss the shock serpent. The shock serpent closely misses you.
The shock serpent barely misses you.
You closely miss the shock serpent. You claw the shock serpent.
You peck the shock serpent, but do no damage.
The shock serpent shoots out a bolt of lightning at you!
The bolt of electricity hits you! You resist.
You die...
Your body crumbles into a pile of gold.

....).......##.....##..##.....#
............##.....##..##.....#
............##.....######.....#
##############.....######.....#
###############....##..##.....#
#............##....##.........#
#........)...##....##.........#
#........######$...##.........#
#...##..######..@S.##.........#
#...##..##.......$.##.........#
######..##.........##.........#
#####...##.........#####......#
#.......##.........#####......#
#.......##.........##.........#
#...#...######.....##.........#
....#....######....##.........#
.............##....##...>.....#


You could see a shock serpent.

Vanquished Creatures
  Kirke (Snake:2)
  An orc warlord (Orc:1)
  A slime creature (D:13)
  Azrael (Orc:2)
  Snorg (D:13)
  Josephine (D:13)
  An ettin (Orc:2)
  Harold (D:11)
  A catoblepas (D:14)
  7 boulder beetles
  A salamander tyrant (Snake:3)
  A merfolk avatar (Lair:5)
  9 vault guards
  11 hydras
  2 centaur warriors (D:13)
  5 anacondas
  4 two-headed ogres
  2 orc high priests
  10 naga warriors
  14 naga sharpshooters
  A tengu warrior (D:15)
  Urug (D:11)
  Amaemon (D:10)
  7 shock serpents
  4 salamander mystics
  Nergalle (Lair:3)
  7 naga ritualists
  8 sea snakes
  23 mana vipers
  A lindwurm (Lair:1)
  5 orc knights
  2 orc sorcerers (Orc:2)
  A cyclops (D:14)
  12 ugly things (D:15)
  4 manticores
  18 salamanders
  31 black mambas
  A moth of wrath (Lair:5)
  21 elephants
  A guardian serpent (Snake:1)
  15 naga magi
  Maurice (Orc:2)
  Joseph (Lair:1)
  7 gargoyles
  3 kobold demonologists
  Maggie (D:7)
  An efreet (D:15)
  An unseen horror (shapeshifter) (D:15)
  13 cane toads
  An orange demon (D:10)
  2 unseen horrors
  9 komodo dragons
  5 rime drakes
  A freezing wraith (D:15)
  2 tengu conjurers
  2 tyrant leeches
  3 meliai (D:13)
  A wind drake (Lair:4)
  3 polar bears
  2 trolls
  2 hornets (Lair:5)
  14 blink frogs
  6 dream sheep (Lair:5)
  2 snapping turtles (Lair:5)
  A centaur simulacrum (D:15)
  2 shadows
  7 wraiths (D:13)
  35 yaks
  2 steam dragons (Lair:5)
  4 basilisks
  5 hogs
  5 humans
  3 fire elementals
  A golden eye (shapeshifter) (D:14)
  11 vampire mosquitoes
  Edmund (D:6)
  Menkaure (D:3)
  41 nagas
  4 swamp worms
  A warg (Orc:1)
  An acid dragon (D:12)
  15 water moccasins
  5 hell hounds
  42 orc warriors
  An ice beast (D:6)
  A black bear (D:7)
  6 ogres
  25 wolves
  15 centaurs
  2 phantoms
  27 bullfrogs
  A gnoll sergeant (D:10)
  3 necrophages
  5 scorpions
  6 wights (D:7)
  17 killer bees
  6 electric eels
  2 howler monkeys (D:8)
  28 orc priests
  3 hounds
  Ijyb (D:4)
  2 gnoll boudas
  6 iguanas
  26 orc wizards
  6 hell rats (Lair:3)
  20 gnolls
  11 adders
  14 river rats (Lair:3)
  2 white imps (D:5)
  A worm (D:3)
  3 dart slugs
  94 orcs
  4 ball pythons
  6 endoplasms
  4 giant cockroaches
  12 goblins
  6 hobgoblins
  4 jackals
  8 quokkas
  9 bats
  4 frilled lizards
  13 kobolds
  15 rats
929 creatures vanquished.

Vanquished Creatures (collateral kills)
  A naga sharpshooter (Snake:3)
  A naga mage (Snake:3)
  A black mamba (Snake:3)
  A ball lightning (Snake:3)
4 creatures vanquished.

Vanquished Creatures (others)
  A salamander mystic (Snake:3)
  2 humans (Snake:2)
  A kobold (Snake:3)
  42 ball lightnings (Snake:3)
  A butterfly (Lair:2)
  69 fungi
  91 plants
  5 withered plants (D:15)
212 creatures vanquished.

Grand Total: 1145 creatures vanquished

Notes
Turn   | Place    | Note
-------+----------+-------------------------------------------
     0 | D:1      | GeoRichter the Tengu Conjurer began the quest for the Orb.
     0 | D:1      | Reached XP level 1. HP: 10/10 MP: 4/4
     3 | D:1      | Noticed an electric eel
     4 | D:1      | Noticed an electric eel
   217 | D:1      | Reached XP level 2. HP: 15/15 MP: 0/6
   566 | D:1      | Learned a level 2 spell: Searing Ray
   780 | D:1      | Reached XP level 3. HP: 19/19 MP: 2/7
  1647 | D:2      | Reached XP level 4. HP: 24/24 MP: 3/9
  1967 | D:2      | Found a faded altar of an unknown god.
  2375 | D:2      | Reached skill level 1 in Poison Magic
  2375 | D:2      | Gained mutation: Your magical nature lets you fly swiftly
                  | and evasively. [Tengu growth]
  2375 | D:2      | Reached XP level 5. HP: 28/28 MP: 4/10
  3522 | D:3      | Learned a level 4 spell: Olgreb's Toxic Radiance
  3694 | D:4      | Noticed Menkaure
  3694 | D:4      | Noticed an ogre
  3996 | D:3      | Killed an ogre
  3997 | D:3      | Reached XP level 6. HP: 32/32 MP: 7/12
  4037 | D:3      | Killed Menkaure
  4126 | D:4      | Reached XP level 7. HP: 36/36 MP: 11/14
  4193 | D:4      | Noticed Ijyb
  4218 | D:4      | Killed Ijyb
  4685 | D:4      | Found a staircase to the Ecumenical Temple.
  4705 | Temple   | Entered the Ecumenical Temple
  4783 | Temple   | Became a worshipper of Gozag Ym Sagoz the Greedy
  4836 | D:4      | Reached skill level 5 in Poison Magic
  5049 | D:5      | Entered Level 5 of the Dungeon
  5180 | D:5      | Reached XP level 8. HP: 34/41 MP: 7/16
  5241 | D:5      | Found a runed translucent gate.
  5242 | D:5      | Found a runed translucent gate.
  5242 | D:5      | Found a runed translucent gate.
  5243 | D:5      | Noticed Voland's ghost (novice MfTm)
  5267 | D:5      | Reached skill level 5 in Spellcasting
  5652 | D:5      | Identified the +0 chain mail "Qoimn" {rF+++}
  5987 | D:5      | Found a blossoming altar of Fedhas.
  7616 | D:6      | Reached XP level 9. HP: 45/45 MP: 7/19
  8723 | D:6      | Learned a level 3 spell: Mephitic Cloud
  8727 | D:6      | Learned a level 3 spell: Ignite Poison
  8923 | D:6      | Noticed Edmund
  8937 | D:6      | Killed Edmund
  8938 | D:6      | Reached skill level 1 in Fire Magic
  8938 | D:6      | Reached skill level 1 in Air Magic
  9274 | D:7      | Noticed Maggie
  9479 | D:7      | Reached skill level 2 in Air Magic
  9548 | D:7      | Found a flagged portal.
  9642 | Bailey   | Entered a bailey
  9710 | Bailey   | Reached skill level 3 in Air Magic
  9859 | Bailey   | Reached skill level 4 in Air Magic
  9860 | Bailey   | Reached skill level 5 in Fire Magic
  9861 | Bailey   | Reached XP level 10. HP: 42/50 MP: 3/21
  9991 | Bailey   | Noticed a vault guard
 10001 | Bailey   | Killed a vault guard
 10002 | Bailey   | Reached skill level 5 in Air Magic
 10562 | D:7      | Reached skill level 1 in Fighting
 10715 | D:7      | Reached skill level 1 in Armour
 11004 | D:7      | Found a hazy altar of Hepliaklqana.
 11120 | D:7      | Killed Maggie
 11945 | D:8      | Noticed a two-headed ogre
 11961 | D:8      | Killed a two-headed ogre
 12605 | D:9      | Reached XP level 11. HP: 40/61 MP: 6/24
 12807 | D:9      | Found Funof's Armour Shop.
 12850 | D:9      | Reached skill level 5 in Fighting
 13564 | D:10     | Entered Level 10 of the Dungeon
 13580 | D:10     | Found a stormy altar of Qazlal.
 13601 | D:10     | Noticed a two-headed ogre
 13608 | D:10     | Killed a two-headed ogre
 13689 | D:10     | Noticed a two-headed ogre
 13697 | D:10     | Killed a two-headed ogre
 13698 | D:10     | Reached skill level 5 in Dodging
 13798 | D:10     | Noticed Amaemon
 13866 | D:10     | Killed Amaemon
 14020 | D:10     | Got the Vellum of the Oath
 14477 | D:10     | Found a burning altar of Makhleb.
 15073 | D:11     | Noticed Harold
 15080 | D:11     | Noticed Urug
 15081 | D:11     | Killed Harold
 15082 | D:11     | Reached skill level 5 in Armour
 15343 | D:11     | Found Omixerch's Book Shoppe.
 15432 | D:11     | Noticed a boulder beetle
 15444 | D:11     | Killed a boulder beetle
 15445 | D:11     | Reached XP level 12. HP: 72/72 MP: 7/25
 15556 | D:11     | Noticed a boulder beetle
 15561 | D:11     | Killed a boulder beetle
 15745 | D:11     | Killed Urug
 15890 | D:11     | Found a staircase to the Lair.
 16150 | Lair:1   | Entered Level 1 of the Lair of Beasts
 16169 | Lair:1   | Noticed a six-headed hydra
 16176 | Lair:1   | Killed a one-headed hydra
 16368 | Lair:1   | Identified the +0 robe of Noerph {Will+}
 16882 | Lair:1   | You are sucked into a shaft and drop 1 floor!
 17444 | Lair:2   | Identified the +9 broad axe of the Asp {protect, rF- MP+9
                  | Int+4}
 17540 | Lair:2   | Noticed a five-headed hydra
 17554 | Lair:2   | Killed a three-headed hydra
 17555 | Lair:2   | Reached skill level 10 in Poison Magic
 18372 | Lair:1   | Learned a level 5 spell: Freezing Cloud
 18411 | Lair:2   | Found a staircase to the Snake Pit.
 18827 | Lair:2   | Noticed a five-headed hydra
 18829 | Lair:2   | Noticed a five-headed hydra
 18834 | Lair:2   | Killed a four-headed hydra
 18965 | Lair:1   | Reached XP level 13. HP: 78/80 MP: 15/27
 19423 | Lair:1   | Reached skill level 10 in Spellcasting
 19570 | Lair:1   | Reached skill level 10 in Fighting
 19794 | Lair:1   | Noticed Joseph
 19800 | Lair:1   | Killed Joseph
 20550 | Lair:2   | Reached skill level 1 in Axes
 20818 | Lair:2   | Found a staircase to the Swamp.
 21155 | Lair:3   | Noticed Nergalle
 21159 | Lair:3   | Killed Nergalle
 22349 | Lair:4   | Found a viscous altar of Jiyva.
 22350 | Lair:4   | Found a staircase to the Slime Pits.
 22535 | Lair:4   | Identified the +5 morningstar of Doom {holy, rPois rC-
                  | Will- Int+8}
 22660 | Lair:4   | Reached skill level 5 in Axes
 22660 | Lair:4   | Reached XP level 14. HP: 48/90 MP: 10/29
 23596 | Lair:5   | Entered Level 5 of the Lair of Beasts
 26411 | Lair:5   | Identified the +9 trident of Eternity {venom, *Rage rF+
                  | rN+}
 27498 | D:9      | Reached skill level 10 in Dodging
 27714 | D:12     | Found Cudo's Assorted Antiques.
 28049 | D:12     | Identified the ring "Decw" {Str+5 Int+6 Dex+3 Slay+3}
 28682 | D:12     | Found a staircase to the Orcish Mines.
 28791 | D:12     | Identified the +2 pair of gloves "Viufoj" {-Tele rPois
                  | rN+++ Int+4}
 29104 | D:12     | Found a burning altar of Makhleb.
 29274 | Orc:1    | Entered Level 1 of the Orcish Mines
 29406 | Orc:2    | Entered Level 2 of the Orcish Mines
 29421 | Orc:2    | Noticed an orc warlord
 29423 | Orc:2    | Reached skill level 6 in Air Magic
 29425 | Orc:2    | Noticed Azrael
 29670 | Orc:1    | Reached XP level 15. HP: 41/97 MP: 7/31
 29905 | Orc:1    | Killed an orc warlord
 30747 | Orc:2    | Killed Azrael
 30748 | Orc:2    | Reached skill level 7 in Air Magic
 30858 | Orc:2    | Found Pofo's Antique Weapon Boutique.
 31596 | Orc:2    | Found Dututt's Book Shoppe.
 31861 | Orc:2    | Reached skill level 8 in Air Magic
 31890 | Orc:2    | Noticed Maurice
 31891 | Orc:2    | Found Nucwor's General Store.
 31896 | Orc:2    | Killed Maurice
 32285 | Orc:2    | Found Kiodgh's General Store.
 32415 | Orc:2    | Found Cyextel's Antique Armour Boutique.
 32455 | Orc:2    | Found a staircase to the Elven Halls.
 32971 | D:12     | Bought the +6 Majin-Bo {vamp, MP+6 Int+6} for 1113 gold
                  | pieces
 32971 | D:12     | Found the +6 Majin-Bo {vamp, MP+6 Int+6}
 32974 | D:12     | Bought a scroll labelled AHIOTOZUOPN for 43 gold pieces
 33295 | D:13     | Noticed Snorg
 33296 | D:13     | Reached skill level 10 in Conjurations
 33302 | D:13     | Killed Snorg
 33583 | D:13     | Reached skill level 9 in Air Magic
 34264 | D:13     | Found a gate to the Vaults.
 34316 | D:13     | Reached skill level 10 in Air Magic
 34536 | D:13     | Noticed Josephine
 34543 | D:13     | Killed Josephine
 35895 | D:14     | Identified the +6 spear of Leoskos {vorpal, *Rage Str+3}
 36416 | D:15     | Entered Level 15 of the Dungeon
 36737 | D:15     | Reached skill level 11 in Air Magic
 36928 | D:15     | Reached XP level 16. HP: 86/103 MP: 17/33
 37856 | D:15     | Identified the +1 robe "Xuodetwidd" {rF++ rC- rCorr Stlth+}
 38303 | D:12     | Bought a book of the Sky for 616 gold pieces
 38374 | Snake:1  | Entered Level 1 of the Snake Pit
 38434 | Snake:1  | Reached skill level 12 in Air Magic
 38572 | Lair:2   | Learned a level 8 spell: Maxwell's Capacitive Coupling
 38764 | Snake:1  | Noticed Mlioglotl
 40401 | Snake:1  | Reached skill level 13 in Air Magic
 42752 | Snake:2  | Noticed Kirke
 42982 | Snake:2  | Killed Kirke
 42983 | Snake:2  | Reached skill level 14 in Air Magic
 44068 | Snake:2  | Reached XP level 17. HP: 89/109 MP: 13/34
 44823 | Snake:2  | Reached skill level 15 in Air Magic
 45578 | Snake:2  | Noticed Roxanne
 46987 | Snake:3  | Found a flickering gateway to a bazaar.
 46996 | Bazaar   | Entered a bazaar
 47005 | Bazaar   | Found Wuehitakast's Jewellery Shop.
 47005 | Bazaar   | Found Zosy's Book Boutique.
 47027 | Bazaar   | Bought a book of the Spheres for 378 gold pieces
 47034 | Bazaar   | Learned a level 6 spell: Conjure Ball Lightning
 47455 | Snake:3  | Reached skill level 16 in Air Magic
 49445 | Snake:2  | Learned a level 5 spell: Fireball
 50407 | Snake:4  | Entered Level 4 of the Snake Pit
 50418 | Snake:3  | HP: 5/111 [shock serpent (9)]
 50420 | Snake:3  | Killed from afar by a shock serpent

Illustrated notes

Levels and vault maps discovered:
D:1:      arrival_aquarium_b, layout_rooms
D:2:      cheibrodos_pilgrimage, layout_rooms, basic_ecumenical_altar,
          minmay_misc_feat_tower, minmay_unequal
D:3:      layout_basic, minmay_misc_feat_nine_boxes
D:4:      layout_rooms, minmay_temple_entry_mini_moons, dk_noncrumbling_2,
          uniq_menkaure, uniq_ijyb
D:5:      layout_rooms, amcnicky_altar_gilded, ebering_ghost_rock_garden,
          roderic_lattice_a, minmay_diced_spiral
D:6:      layout_loops_cross, uniq_edmund
D:7:      layout_loops_ring, lemuel_doored_altar, enter_bailey_3,
          serial_bayou_pond_e, uniq_maggie
D:8:      layout_gridville
D:9:      cheibrodos_statue_roulette, layout_gridville, nicolae_stop_n_shop_2
D:10:     layout_small_grid, nicolae_qazlal_scattered_showers,
          mainiacjoe_overflow_six_doors_small, uniq_amaemon
D:11:     layout_roguey, lair_entry_dummy, minmay_shop_grid_forest,
          mrwooster_statue_mirror, uniq_urug, uniq_harold
D:12:     layout_roguey, erik_orc_2, serial_shops, shop, grunt_livestock,
          columned_hall_lemuel, david_defended_altar_orc
D:13:     layout_basic, erik_vaults_2, uniq_snorg, uniq_josephine
D:14:     layout_rooms, minmay_large_rounded_square
D:15:     gammafunk_depths_entry_grave, layout_loops_ring,
          minmay_misc_feat_pillars
Temple:   eino_narrow_crystal_temple
Lair:1:   layout_hall_layers, chequers_serial_rivers_micro_a,
          minmay_shattered_shrine, uniq_joseph
Lair:2:   layout_regular_city, palyth_hydra_swamp_entry,
          guppyfry_snake_entry_garden, lemuel_fruit_fields, grunt_megastairs_3
Lair:3:   lemuel_ratsnest, layout_hall_layers, minivault_27, uniq_nergalle
Lair:4:   beast_lair_carwin_large_1, layout_loops_ring, slime_entry_1
Lair:5:   gammafunk_lair_ancient_temple, layout_small_grid, st_stairs_4,
          worms_lemuel, serial_bayou_shore_b, serial_bayou_shore_b,
          lemuel_fruit_fields, lemuel_fruit_tree
Snake:1:  nicolae_snake_shooting_gallery, layout_concentric_octagons,
          st_stairs_5, guppyfry_snake_island, uniq_mlioglotl
Snake:2:  layout_grid_shapes, nicolae_snake_mages_go_home, serial_bayou_shore_a,
          uniq_kirke, uniq_roxanne
Snake:3:  layout_grid_maze, serial_shops, bzr_entry_customers
Snake:4:  grunt_snake_rune_pools, layout_rooms
Orc:1:    layout_diamond_mine
Orc:2:    grunt_orc_gardens, layout_diamond_mine, grunt_orc_garden,
          grunt_orc_garden, grunt_orc_garden, grunt_orc_garden, special_room,
          serial_shops, shop, uniq_maurice, uniq_azrael

Skill      XL: |  1  2  3  4  5  6  7  8  9 10 11 12 13 14 15 16 17 |
---------------+----------------------------------------------------+-----
Conjurations   | 6 7 8 12 13 | 13.0
Spellcasting   | 3 4 6 7 8 9 10 11 12 13 | 13.5
Poison Magic   | 1 3 4 6 8 9 10 | 10.0
Fire Magic     | 5 7 8 |  8.0
Air Magic      | 4 5 6 11 14 16 | 16.5
Fighting       | 4 7 9 11 12 13 14 | 14.0
Armour         | 3 5 7 8 9 |  9.0
Dodging        | 4 6 7 9 10 11 12 | 12.3
Axes           | 5 8 |  8.1
Stealth        | |  2.0

Action                   |  1- 3 |  4- 6 |  7- 9 | 10-12 | 13-15 | 16-18 || total
-------------------------+-------+-------+-------+-------+-------+-------++-------
Melee: Unarmed           |     8 |       |       |       |       |       ||     8
       Kick              |     6 |     3 |    18 |    50 |   182 |    94 ||   353
       Peck              |     2 |     3 |    13 |    37 |   132 |    64 ||   251
       Dagger            |     7 |       |       |       |       |       ||     7
       War axe           |     1 |    20 |    66 |     2 |       |       ||    89
       Punch             |       |       |     2 |     1 |       |       ||     3
       Battleaxe         |       |       |       |   168 |   432 |   173 ||   773
       Falchion          |       |       |       |     4 |       |       ||     4
       Quarterstaff      |       |       |       |       |    41 |    61 ||   102
 Cast: Magic Dart        |    50 |    87 |   110 |    19 |     8 |       ||   274
       Searing Ray       |     2 |     5 |    26 |     8 |     1 |    10 ||    52
       Olgreb's Toxic Ra |       |       |    39 |   106 |   234 |    34 ||   413
       Mephitic Cloud    |       |       |     3 |    22 |    37 |     4 ||    66
       Ignite Poison     |       |       |     2 |    35 |    75 |     8 ||   120
       Freezing Cloud    |       |       |       |       |    15 |   154 ||   169
       Conjure Ball Ligh |       |       |       |       |       |    16 ||    16
       Fireball          |       |       |       |       |       |     7 ||     7
Invok: Potion Petition   |       |       |       |     1 |     3 |     1 ||     5
       Call Merchant     |       |       |       |       |     4 |       ||     4
  Use: Potion            |       |       |     1 |     2 |     7 |    11 ||    21
       Scroll            |       |       |     5 |    13 |    14 |    17 ||    49
 Stab: Sleeping          |       |       |     1 |       |     1 |       ||     2
       Confused          |       |       |       |     1 |     5 |     1 ||     7
       Distracted        |       |       |       |       |     5 |       ||     5
       Invisible         |       |       |       |       |     1 |       ||     1
Armor: Robe              |     2 |       |    30 |     4 |       |       ||    36
       Leather armour    |     2 |     7 |     3 |       |       |       ||    12
       Swamp dragon scal |       |       |       |    98 |   301 |   104 ||   503
Dodge: Dodged            |    14 |    28 |    95 |   208 |   607 |   387 ||  1339
